 Dungeon Crawl Stone Soup version 0.19.1 (webtiles) character file.

335 dvd the Stinger (level 6, -1/37 HPs)
             Began as an Octopode Venom Mage on Dec 15, 2016.
             Was an Initiate of Ru.
             Slain by a wyvern zombie (9 damage)
             ... on level 5 of the Dungeon on Dec 16, 2016.
             The game lasted 00:12:08 (3823 turns).

dvd the Stinger (Octopode Venom Mage)               Turns: 3823, Time: 00:12:09

Health: -1/37      AC: -4    Str:  7    XL:     6   Next: 53%
Magic:  20/20      EV: 13    Int: 20    God:    Ru [......]
Gold:   187        SH:  0    Dex: 12    Spells: 2 memorised, 6 levels left

rFire  . . .     SeeInvis .     a - +3 dagger (flame)
rCold  . . .     Gourm    .     (no shield)
rNeg   . . .     Faith    .     (helmet restricted)
rPois  .         Spirit   .     (no amulet)
rElec  .         Reflect  .     t - -5 ring of protection (curse)
rCorr  .         Harm     .     i - ring of magical power
MR     .....                    (no ring)
Stlth  ++++......               (no ring)
                                (no ring)
                                (no ring)
                                (no ring)
                                (no ring)

@: no status effects
A: almost no armour, stealthy swim, amphibious, 8 rings, constrict 8, camouflage
1, gelatinous body 1
a: Renounce Religion


You were on level 5 of the Dungeon.
You worshipped Ru.
Ru was noncommittal.
You were not hungry.

You visited 1 branch of the dungeon, and saw 5 of its levels.

You collected 187 gold pieces.

Inventory:

Hand Weapons
 a - a +3 dagger of flaming (weapon)
 h - a +0 short sword of freezing
Jewellery
 i - a ring of magical power (right tentacle)
 t - a cursed -5 ring of protection (left tentacle)
Wands
 o - a wand of confusion (16/48)
Scrolls
 d - 4 scrolls of identify
Potions
 c - a potion of flight {unknown}
 e - a potion of berserk rage {unknown}
 k - a potion of invisibility {unknown}
 m - a potion of beneficial mutation {unknown}
 q - a potion of brilliance {unknown}
Books
 j - a Young Poisoner's Handbook

   Spells                             Type                      Level
   a - Sting                          Conjuration/Poison           1
   b - Mephitic Cloud                 Conjuration/Poison/Air       3
   c - Olgreb's Toxic Radiance        Poison                       4
   d - Alistair's Intoxication        Transmutation/Poison         5
   e - Venom Bolt                     Conjuration/Poison           5
Comestibles
 b - 2 bread rations
 f - a royal jelly
 g - a beef jerky
 l - 3 chunks of flesh
 s - a meat ration


   Skills:
 + Level 0.4 Fighting
 + Level 0.8 Short Blades
 + Level 2.2 Dodging
 + Level 4.5 Stealth
 + Level 3.4 Spellcasting
 + Level 2.4 Conjurations
 + Level 6.6 Poison Magic


You had 6 spell levels left.
You knew the following spells:

 Your Spells              Type           Power        Failure   Level  Hunger
a - Sting                 Conj/Pois      ###.         2%          1    None
b - Olgreb's Toxic Radia  Pois           ####....     12%         4    ####...


Dungeon Overview and Level Annotations

Branches:
Dungeon (5/15)
 Temple: D:4-7

Altars:
Ru

Annotations:
D:4 Philosophy's ghost, novice FoFi


Innate Abilities, Weirdness & Mutations

You cannot wear most types of armour.
You are very stealthy in the water. (Stealth+)
You are amphibious.
You can wear up to eight rings at the same time.
You can use your tentacles to constrict eight enemies at once.
Your skin changes colour to match your surroundings (Stealth+).
Your rubbery body absorbs attacks. (AC +1, EV +1)


Message History

You hit the wyvern zombie. You burn the wyvern zombie.
The wyvern zombie is almost destroyed.
The wyvern zombie closely misses you.
You completely miss the wyvern zombie.
You squeeze the wyvern zombie, but do no damage.
The wyvern zombie is almost destroyed.
The wyvern zombie barely misses you. The wyvern zombie bites you!
You hit the wyvern zombie. You burn the wyvern zombie.
The wyvern zombie is almost destroyed.
The wyvern zombie bites you.
* * * LOW HITPOINT WARNING * * *
Some of the chunks of flesh in your inventory have rotted away.
Unknown command.
You hit the wyvern zombie but do no damage.
The wyvern zombie is almost destroyed.
The wyvern zombie misses you.
You hit the wyvern zombie but do no damage.
The wyvern zombie is almost destroyed.
The wyvern zombie bites you!
You die...

#....#.####
.######.#.......
............# .
##.####...### >.
##..#.#### #.#
###..##...(# #...
#...######.#######
###...#(########........
.......@........#.......
....#..Z#######........<
.. #)... ###.......
...##.# #....... ...# .#
######## ..... <. ....#
## ....


You could see a wyvern zombie.

Vanquished Creatures
  A hound (D:4)
  2 orc wizards (D:4)
  An iguana (D:4)
  A worker ant (D:4)
  5 gnolls
  6 adders
  An adder skeleton (D:4)
  2 worms
  2 dart slugs
  10 orcs
  2 ball pythons
  3 bats
  A giant cockroach (D:1)
  8 goblins
  7 hobgoblins
  6 jackals
  15 kobolds
  A quokka (D:4)
  5 frilled lizards
  A quokka zombie (D:5)
  4 rats
84 creatures vanquished.

Vanquished Creatures (others)
  A kraken (D:1)
  A ghoul (D:1)
  A minotaur (D:1)
  A draconian (D:1)
  A vine stalker (D:1)
  A gargoyle (D:1)
  An elf (D:1)
  2 spriggans (D:1)
  A human (D:1)
  A dwarf (D:1)
  An ogre (D:1)
  A centaur (D:1)
  2 kobolds (D:1)
  9 tentacles (D:1)
24 creatures vanquished.

Grand Total: 108 creatures vanquished

Notes
Turn   | Place    | Note
-------+----------+-------------------------------------------
     0 | D:1      | dvd the Octopode Venom Mage began the quest for the Orb.
     0 | D:1      | Reached XP level 1. HP: 11/11 MP: 3/3
     2 | D:1      | Noticed a centaur
     2 | D:1      | Noticed a gargoyle
     2 | D:1      | Noticed an elf
     2 | D:1      | Noticed a draconian
     2 | D:1      | Noticed a vine stalker
     2 | D:1      | Noticed a minotaur
     2 | D:1      | Noticed a kraken
     2 | D:1      | Noticed a spriggan
     2 | D:1      | Noticed a ghoul
     2 | D:1      | Noticed an ogre
     2 | D:1      | Noticed a dwarf
     2 | D:1      | Noticed a human
     2 | D:1      | Noticed a spriggan
     2 | D:1      | Noticed a ghoul
     3 | D:1      | Killed a vine stalker
     7 | D:1      | Killed a spriggan
     8 | D:1      | Killed a gargoyle
     9 | D:1      | Killed a centaur
    10 | D:1      | Killed a draconian
    12 | D:1      | Killed an elf
    12 | D:1      | Killed an ogre
    13 | D:1      | Killed a minotaur
    14 | D:1      | Killed a human
    16 | D:1      | Killed a dwarf
    17 | D:1      | Killed a spriggan
    23 | D:1      | Killed a ghoul
    24 | D:1      | Killed a kraken
   126 | D:1      | Reached skill level 5 in Poison Magic
   315 | D:1      | Reached XP level 2. HP: 17/17 MP: 5/5
   643 | D:1      | Reached XP level 3. HP: 21/21 MP: 6/6
  1367 | D:2      | Reached XP level 4. HP: 27/27 MP: 1/7
  1676 | D:2      | Reached skill level 1 in Conjurations
  1717 | D:2      | Learned a level 4 spell: Olgreb's Toxic Radiance
  2070 | D:2      | Reached XP level 5. HP: 31/31 MP: 4/9
  3079 | D:4      | Reached skill level 6 in Poison Magic
  3310 | D:4      | Reached XP level 6. HP: 36/36 MP: 4/10
  3469 | D:4      | Noticed a phantom
  3596 | D:3      | Found a sacrificial altar of Ru.
  3605 | D:3      | Became a worshipper of Ru the Awakened
  3702 | D:4      | Noticed Philosophy's ghost (novice FoFi)
  3719 | D:5      | Entered Level 5 of the Dungeon
  3823 | D:5      | Slain by a wyvern zombie

Skill      XL: |  1  2  3  4  5 |
---------------+----------------+-----
Poison Magic   | 5 6 |  6.6
Stealth        | 3 4 |  4.5
Conjurations   | 1 2 |  2.4
Spellcasting   | 3 |  3.4
Fighting       | |  0.4
Short Blades   | |  0.8
Dodging        | |  2.2

Action                   |  1- 3 |  4- 6 || total
-------------------------+-------+-------++-------
Melee: Dagger            |    20 |    39 ||    59
       Tentacles         |     3 |     4 ||     7
       Unarmed           |     1 |       ||     1
       Constrict         |     5 |     5 ||    10
 Cast: Sting             |    43 |    62 ||   105
       Olgreb's Toxic Ra |       |    14 ||    14
  Use: Scroll            |       |    10 ||    10
 Stab: Sleeping          |     8 |     5 ||    13
  Eat: Chunk             |     2 |    10 ||    12
Armor: Skin              |     5 |       ||     5
Dodge: Dodged            |    10 |    15 ||    25
